 Dungeon Crawl Stone Soup version 0.30.0-5-g1a98f26d00 (webtiles) character file.

Game seed: 12623167879669227716

31383 GloriousHammer the Nimble (level 13, -4/84 HPs)
             Began as a Tengu Enchanter on May 9, 2023.
             Was a Believer of Vehumet.
             Slain by a death yak (20 damage)
             ... on level 3 of the Lair of Beasts.
             The game lasted 01:16:18 (32123 turns).

GloriousHammer the Nimble (Tengu Enchanter)        Turns: 32123, Time: 01:16:18

Health: -4/84      AC:  8    Str:  8    XL:     13   Next: 57%
Magic:  3/23       EV: 21    Int: 26    God:    Vehumet [**....]
Gold:   339        SH:  0    Dex: 16    Spells: 3/24 levels left

rFire   . . .        a - +1 long sword (protect)
rCold   . . .        (no shield)
rNeg    . . .        Q - +4 troll leather armour
rPois   .            (helmet restricted)
rElec   .            (no cloak)
rCorr   .            (no gloves)
SInv    +            (boots unavailable)
Will    .....        (no amulet)
Stlth   +++          v - ring of see invisible
HPRegen 1.14/turn    y - +6 ring of intelligence
MPRegen 0.18/turn

%: no passive effects
@: confusing by touch, flying quickly and evasively, quick
A: beak, talons 3, nimble flight
a: Renounce Religion


You were on level 3 of the Lair of Beasts.
You worshipped Vehumet.
Vehumet was pleased with you.
You visited 3 branches of the dungeon, and saw 16 of its levels.

You collected 999 gold pieces.
You spent 660 gold pieces at shops.

Inventory:

Hand Weapons
 a - a +1 long sword of protection (weapon)
 b - a +0 shortbow of freezing
 J - a +0 sling
 M - the +1 mace "Death Rattle" {speed, Int+3 Dex+5}
   (You found it on level 8 of the Dungeon)

   Int:       It affects your intelligence (+3).
   Dex:       It affects your dexterity (+5).
 X - a +0 antimagic dagger
Missiles
 g - 12 javelins
 H - 12 poisoned darts
 O - 2 curare-tipped darts
Armour
 r - +0 steam dragon scales
 Q - a +4 troll leather armour (worn)
Jewellery
 v - a ring of see invisible (left hand)
 y - a +6 ring of intelligence (right hand)
 D - a +6 ring of dexterity
 E - a +5 ring of evasion
 P - a ring of poison resistance
Wands
 h - a wand of charming (9)
 i - a wand of digging (8)
 G - a wand of acid (11)
 R - a wand of roots (7)
 T - a wand of flame (16)
 W - a wand of polymorph (17)
Scrolls
 c - 5 scrolls of vulnerability
 d - 2 scrolls of immolation {unknown}
 e - a scroll of noise {unknown}
 f - 4 scrolls of fog
 k - 2 scrolls of torment {unknown}
 l - a scroll of poison {unknown}
 m - 2 scrolls of blinking
 w - 2 scrolls of fear
 C - 3 scrolls of magic mapping {unknown}
 K - 9 scrolls of teleportation
 N - 6 scrolls of amnesia
Potions
 j - 3 potions of heal wounds
 n - a potion of berserk rage {unknown}
 o - 4 potions of might
 q - 3 potions of magic {unknown}
 t - 3 potions of ambrosia {unknown}
 u - a potion of brilliance {unknown}
 x - 5 potions of curing
 z - 2 potions of cancellation {unknown}
 A - 2 potions of lignification {unknown}
 B - 7 potions of attraction
 L - 2 potions of mutation {unknown}
 V - 3 potions of haste {unknown}


   Skills:
 + Level 11.4 Fighting
 - Level 4.0 Short Blades
 - Level 0.5 Polearms
 - Level 6.1 Ranged Weapons
 - Level 3.0 Armour
 + Level 12.4 Dodging
 - Level 6.0 Stealth
 + Level 6.1 Spellcasting
 + Level 7.7 Conjurations
 - Level 5.0 Hexes
 + Level 9.8 Air Magic
 + Level 5.6 Evocations


You had 3 spell levels left.
You knew the following spells:

 Your Spells              Type           Power      Damage    Failure   Level
a - Confusing Touch       Hex            33%        N/A       3%          3
b - Tukima's Dance        Hex            33%        N/A       3%          3
c - Dazzling Flash        Conj/Hex       82%        N/A       2%          3
d - Airstrike             Air            28%        2d(4-20)  1%          4
e - Swiftness             Air            56%        N/A       1%          3
f - Arcjolt               Conj/Air       26%        1d36      7%          5

Your spell library contained the following spells:

 Spells                   Type           Power      Damage    Failure   Level
 Searing Ray              Conj           96%        2d7       1%          2
 Foxfire                  Conj/Fire      100%       2x1d9     1%          1
 Kiss of Death            Conj/Necr      100%       2d13      1%          1
 Shock                    Conj/Air       100%       1d9       1%          1
 Vhi's Electric Charge    Tloc/Air       66%        N/A       3%          3
 Ensorcelled Hibernation  Hex/Ice        40%        N/A       5%          2
 Beastly Appendage        Tmut           14%        N/A       10%         1
 Wereblood                Tmut           7%         N/A       14%         2
 Spider Form              Tmut/Pois      7%         N/A       28%         3
 Iskenderun's Battlesphe  Conj           48%        2d10      11%         5
 Conjure Ball Lightning   Conj/Air       26%        3x3d7     36%         6
 Fireball                 Conj/Fire      14%        3d8       50%         5
 Dispel Undead            Necr           7%         3d8       67%         4
 Plasma Beam              Fire/Air       16%        2x1d30    89%         6
 Alistair's Intoxication  Tmut/Pois      4%         N/A       95%         5
 Borgnjor's Vile Clutch   Necr/Erth      3%         N/A       95%         5
 Iron Shot                Conj/Erth      14%        9d4       97%         6
 Starburst                Conj/Fire      14%        6d6       97%         6
 Eringya's Noxious Bog    Tmut/Pois      3%         N/A       100%        6
 Spellforged Servitor     Conj/Summ      14%        N/A       100%        7
 Discord                  Hex            16%        N/A       100%        8
 Disjunction              Tloc           3%         N/A       100%        8
 Maxwell's Capacitive Co  Air            28%        ∞         100%        8


Dungeon Overview and Level Annotations

Branches:
Dungeon (11/15)            Temple (1/1) D:7            Lair (4/5) D:11
 Shoals (0/4) Lair:3       Spider (0/4) Lair:2          Orc (0/2) D:11
  Slime: Lair:4-5

Altars:
Ashenzari
Cheibriados
Dithmenos
Elyvilon
Fedhas
Gozag
Hepliaklqana
Kikubaaqudgha
Makhleb
Nemelex Xobeh
Okawaru
Qazlal
Ru
Sif Muna
Trog
Uskayaw
Vehumet
Wu Jian
Xom
Yredelemnul
Zin
The Shining One

Shops:
D:2 [   D:11 *

Annotations:
D:4 2 transporters, 1 runed translucent door, Crazy Yiuf; Irreverend's ghost, amateur MiHu
D:6 exclusion: downstairs
D:8 amazing dig vault
Lair:1 exclusion: oklob plant
Lair:2 Fannar
Lair:3 2 transporters, Jackthecabe's ghost, journeyman DsHs


Innate Abilities, Weirdness & Mutations

You have a beak for a mouth.
You have claws for feet.
Your magical nature lets you fly swiftly and evasively.


Message History

The five-headed hydra is severely wounded.
Casting: Airstrike (dangerous; 1% risk of failure)
Confirm with . or Enter, or press ? or * to list all spells.
Aiming: Airstrike (dangerous; 1% risk of failure)
Press: ? - help, Dir - move target, f/p - five-headed hydra
Aim: a five-headed hydra (severely wounded, empty space bonus: 5/8)
The air twists around and strikes the five-headed hydra.
The five-headed hydra is severely wounded.
Casting: Airstrike (dangerous; 1% risk of failure)
Confirm with . or Enter, or press ? or * to list all spells.
Aiming: Airstrike (dangerous; 1% risk of failure)
Press: ? - help, Dir - move target, f/p - five-headed hydra
Aim: a five-headed hydra (severely wounded, empty space bonus: 6/8)
The air twists around and strikes the five-headed hydra!
The five-headed hydra is almost dead.
Casting: Airstrike (dangerous; 1% risk of failure)
Confirm with . or Enter, or press ? or * to list all spells.
Aiming: Airstrike (dangerous; 1% risk of failure)
Press: ? - help, Dir - move target, f/p - five-headed hydra
Aim: a five-headed hydra (almost dead, empty space bonus: 7/8)
The air twists around and strikes the five-headed hydra!
You kill the five-headed hydra!
Vehumet accepts your kill.
You start resting.
A blink frog comes into view.
A blink frog is nearby!
You start resting.
Magic restored.
You see here a blink frog skeleton.
You see here a blink frog skeleton.
Found a wand of digging (4).
Casting: Airstrike (dangerous; 1% risk of failure)
Confirm with . or Enter, or press ? or * to list all spells.
Aiming: Airstrike (dangerous; 1% risk of failure)
Press: ? - help, Dir - move target, f - blink frog
Aim: a blink frog (wandering, hasn't noticed you, empty space bonus: 5/8)
The air twists around and strikes the blink frog!!
The blink frog croaks.
The blink frog is severely wounded.
Casting: Airstrike (dangerous; 1% risk of failure)
Confirm with . or Enter, or press ? or * to list all spells.
Aiming: Airstrike (dangerous; 1% risk of failure)
Press: ? - help, Dir - move target, f/p - blink frog
Aim: a blink frog (severely wounded, empty space bonus: 8/8)
The air twists around and strikes the blink frog!!
You kill the blink frog!
Vehumet accepts your kill.
You feel your power returning.
Found 11 gold pieces.
o - 4 potions of might (gained 1)
i - a wand of digging (8) (gained 4 charges)
You now have 339 gold pieces (gained 11).
Casting: Airstrike (dangerous; 1% risk of failure)
Confirm with . or Enter, or press ? or * to list all spells.
Aiming: Airstrike (dangerous; 1% risk of failure)
Press: ? - help, Dir - move target, f - death yak
Aim: a death yak (wandering, hasn't noticed you, empty space bonus: 6/8)
The air twists around and strikes the death yak.
The death yak bellows!
The death yak is lightly wounded.
Casting: Airstrike (dangerous; 1% risk of failure)
Confirm with . or Enter, or press ? or * to list all spells.
Aiming: Airstrike (dangerous; 1% risk of failure)
Press: ? - help, Dir - move target, f/p - death yak
Aim: a death yak (lightly wounded, empty space bonus: 8/8)
The air twists around and strikes the death yak!
The death yak is moderately wounded.
Casting: Airstrike (dangerous; 1% risk of failure)
Confirm with . or Enter, or press ? or * to list all spells.
Aiming: Airstrike (dangerous; 1% risk of failure)
Press: ? - help, Dir - move target, f/p - death yak
Aim: a death yak (moderately wounded, empty space bonus: 8/8)
The air twists around and strikes the death yak!
The death yak is moderately wounded.
Casting: Airstrike (dangerous; 1% risk of failure)
Confirm with . or Enter, or press ? or * to list all spells.
Aiming: Airstrike (dangerous; 1% risk of failure)
Press: ? - help, Dir - move target, f/p - death yak
Aim: a death yak (moderately wounded, empty space bonus: 8/8)
The air twists around and strikes the death yak!
The death yak is heavily wounded.
Casting: Airstrike (dangerous; 1% risk of failure)
Confirm with . or Enter, or press ? or * to list all spells.
Aiming: Airstrike (dangerous; 1% risk of failure)
Press: ? - help, Dir - move target, f/p - death yak
Aim: a death yak (heavily wounded, empty space bonus: 8/8)
The air twists around and strikes the death yak!
The death yak is severely wounded.
Casting: Airstrike (dangerous; 1% risk of failure)
Confirm with . or Enter, or press ? or * to list all spells.
Aiming: Airstrike (dangerous; 1% risk of failure)
Press: ? - help, Dir - move target, f/p - death yak
Aim: a death yak (severely wounded, empty space bonus: 6/8)
The air twists around and strikes the death yak!!
The death yak is almost dead.
Casting: Airstrike (dangerous; 1% risk of failure)
Confirm with . or Enter, or press ? or * to list all spells.
Your hands begin to glow red.
You hit the death yak but do no damage.
The death yak is severely wounded.
The death yak gores you! The death yak gores you!!
You hit the death yak but do no damage.
You claw the death yak, but do no damage.
The death yak is severely wounded.
The death yak misses you.
You hit the death yak but do no damage.
You claw the death yak, but do no damage.
The death yak is severely wounded.
The death yak gores you!!
The death yak bellows! x2
You hit the death yak but do no damage.
You claw the death yak, but do no damage.
You peck the death yak. Your punch misses the death yak.
The death yak is severely wounded.
The death yak completely misses you. The death yak closely misses you.
Unknown command.
Aiming: Corrosive Bolt
Press: ? - help, Shift-Dir - straight line, f/p - death yak
Aim: a death yak (severely wounded, chance to confuse on hit: 6%, 91% to hit)
The bolt of acid hits the death yak!!
You kill the death yak!
Vehumet accepts your kill.
You feel your power returning.
The bolt of acid hits the death yak!
The death yak is moderately wounded.
Your hands stop glowing.
There is a stone staircase leading up, spattered with blood here.
Casting: Confusing Touch (mildly dangerous; 3% risk of failure)
Confirm with . or Enter, or press ? or * to list all spells.
Aiming: Airstrike (dangerous; 1% risk of failure)
Press: ? - help, Dir - move target, f - death yak
Aim: a death yak (empty space bonus: 7/8)
The air twists around and strikes the death yak!!
The death yak is moderately wounded.
Casting: Airstrike (dangerous; 1% risk of failure)
Confirm with . or Enter, or press ? or * to list all spells.
Aiming: Airstrike (dangerous; 1% risk of failure)
Press: ? - help, Dir - move target, f/p - death yak
Aim: a death yak (moderately wounded, empty space bonus: 5/8)
The air twists around and strikes the death yak!!
The death yak is heavily wounded.
Casting: Airstrike (dangerous; 1% risk of failure)
Confirm with . or Enter, or press ? or * to list all spells.
Aiming: Airstrike (dangerous; 1% risk of failure)
Press: ? - help, Dir - move target, f/p - death yak
Aim: a death yak (heavily wounded, empty space bonus: 6/8)
The air twists around and strikes the death yak!
The death yak is severely wounded.
Casting: Airstrike (dangerous; 1% risk of failure)
Confirm with . or Enter, or press ? or * to list all spells.
You don't have enough magic to cast this spell.
Unknown command.
Your +1 long sword of protection goes still.
Your +0 shortbow of freezing is covered in frost.
b - a +0 shortbow of freezing (weapon)
You shoot an arrow. The arrow barely misses the death yak.
The arrow hits the death yak.
The arrow freezes the death yak.
The death yak is lightly wounded.
You shoot an arrow. The arrow hits the death yak.
The arrow freezes the death yak.
The death yak is severely wounded.
The death yak closely misses you.
You fly upwards.
Level annotation: 2 transporters, Jackthecabe's ghost, journeyman DsHs
There is a stone staircase leading down here.
Your +0 shortbow of freezing stops glowing.
Your +1 long sword of protection hums with potential!
a - a +1 long sword of protection (weapon)
The death yak gores you!!
Casting: Airstrike (dangerous; 1% risk of failure)
Confirm with . or Enter, or press ? or * to list all spells.
Your hands begin to glow red.
The death yak gores you but does no damage.
You barely miss the death yak. You claw the death yak.
Your peck misses the death yak.
The death yak is severely wounded.
The death yak misses you.
You hit the death yak but do no damage.
You claw the death yak, but do no damage.
You punch the death yak, but do no damage.
The death yak is severely wounded.
The death yak gores you! The death yak barely misses you.
You hit the death yak but do no damage.
You claw the death yak, but do no damage.
You peck the death yak.
The death yak is severely wounded.
The death yak misses you.
You hit the death yak but do no damage.
You claw the death yak, but do no damage.
The death yak is severely wounded.
The death yak gores you!
You hit the death yak but do no damage.
The death yak is severely wounded.
The death yak gores you!!
Unknown command.
You hit the death yak but do no damage.
The death yak is severely wounded.
The death yak gores you!
* * * LOW HITPOINT WARNING * * *
The death yak gores you!!
You die...

##..........# #..........#
### ##..........###.#
#...............#######
###..........##)....#.####
##........###.###.......
#........# ####.##.....
##....Y...# #####.##.
##......@.## #####
#...#.##### #. ##..#### #.
#..#..#### ##.
##..#...#P###############..
#..........#.##.##.#.##.#..
###............##............
#.#...........####.....[.†...
##..............##...........


You could see a death yak.

Vanquished Creatures
  Kirke (Lair:4)
  4 hydras
  A two-headed ogre (D:10)
  A death yak (Lair:4)
  Urug (Lair:4)
  Pikel (D:6)
  A deep elf pyromancer (D:10)
  2 cyclopes
  A wolf spider (Lair:2)
  A manticore (Lair:3)
  An oklob plant (Lair:1)
  3 black mambas
  A torpor snail (Lair:2)
  Maggie (D:7)
  2 cane toads
  A gargoyle (D:11)
  A rime drake (Lair:3)
  A kobold demonologist (D:11)
  6 komodo dragons
  An unseen horror (D:11)
  Psyche (D:9)
  A troll (D:9)
  2 hornets
  A wind drake (Lair:1)
  A polar bear (Lair:1)
  Prince Ribbit (D:8)
  11 blink frogs
  A culicivora (Lair:2)
  A wraith (D:10)
  38 yaks
  3 hogs (Lair:4)
  2 wyverns
  3 basilisks
  2 steam dragons
  Grum (D:8)
  2 redbacks (Lair:2)
  A warg (D:11)
  Menkaure (D:6)
  8 water moccasins
  2 sky beasts (D:8)
  4 ice beasts
  2 orc warriors
  4 black bears
  The ghost of nemohh the Chopper, an amateur HOFi (D:3)
  13 wolves
  2 centaurs
  2 lemures (D:5)
  A phantom (D:4)
  2 kobold brigands
  10 bullfrogs
  5 scorpions
  6 wights (D:7)
  24 killer bees
  3 howler monkeys (D:8)
  3 jellies
  A hound (D:5)
  A gnoll bouda (D:7)
  5 orc priests
  2 sleepcaps (D:6)
  2 iguanas (D:6)
  Natasha (thrice) (D:4)
  13 orc wizards
  7 hell rats (Lair:4)
  Robin (D:2)
  9 gnolls
  8 adders
  A white imp (D:5)
  An ufetubus (D:6)
  3 worms
  2 dart slugs
  22 orcs
  6 endoplasms
  5 giant cockroaches
  11 goblins
  9 hobgoblins
  7 jackals
  3 quokkas
  6 ball pythons
  2 bats
  2 frilled lizards
  17 kobolds
  19 rats
365 creatures vanquished.

Vanquished Creatures (collateral kills)
  An ogre (D:6)
  Blork the orc (D:6)
  2 wights (D:7)
  An orc wizard (D:5)
  4 gnolls
  7 orcs
  2 goblins
18 creatures vanquished.

Vanquished Creatures (others)
  13 dancing weapons
  A quokka (D:4)
14 creatures vanquished.

Grand Total: 397 creatures vanquished

Notes
Turn   | Place    | Note
-------+----------+-------------------------------------------
     0 | D:1      | GloriousHammer the Tengu Enchanter began the quest for the
                  | Orb.
     0 | D:1      | Reached XP level 1. HP: 10/10 MP: 4/4
   341 | D:1      | Reached XP level 2. HP: 15/15 MP: 6/6
   932 | D:2      | Reached XP level 3. HP: 15/19 MP: 7/7
  1395 | D:3      | Learned a level 3 spell: Confusing Touch
  1399 | D:3      | Learned a level 3 spell: Tukima's Dance
  1801 | D:3      | Reached XP level 4. HP: 7/24 MP: 5/8
  1955 | D:3      | Found a runed translucent gate.
  1955 | D:3      | Found a runed translucent gate.
  1955 | D:3      | Found a runed translucent gate.
  1959 | D:3      | Noticed nemohh's ghost (amateur HOFi)
  2249 | D:3      | Noticed a scorpion
  2399 | D:4      | Noticed a black bear
  2462 | D:4      | Noticed a black bear
  2568 | D:4      | Found a transporter.
  2583 | D:4      | Killed a black bear
  2584 | D:4      | Gained mutation: Your magical nature lets you fly swiftly
                  | and evasively. [Tengu growth]
  2584 | D:4      | Reached XP level 5. HP: 12/28 MP: 5/10
  2664 | D:4      | Found a transporter.
  2668 | D:4      | Noticed Irreverend's ghost (amateur MiHu)
  2800 | D:4      | Found a white marble altar of Elyvilon.
  3133 | D:4      | Reached XP level 6. HP: 25/33 MP: 8/11
  3299 | D:4      | Noticed Natasha
  3306 | D:4      | Reached skill level 1 in Ranged Weapons
  3370 | D:4      | Killed Natasha
  3371 | D:4      | Reached skill level 1 in Fighting
  3624 | D:4      | Killed a black bear
  3625 | D:4      | Reached skill level 3 in Dodging
  3950 | D:4      | Found a runed translucent door.
  3951 | D:4      | Noticed Crazy Yiuf
  4118 | D:4      | Reached XP level 7. HP: 34/40 MP: 9/12
  4254 | D:4      | Found an ornate altar of the Wu Jian Council.
  4259 | D:4      | Found a shimmering altar of Xom.
  4318 | D:4      | Noticed Natasha
  4331 | D:4      | Killed Natasha
  4857 | D:4      | Found an ornate altar of the Wu Jian Council.
  4862 | D:4      | Found a shimmering altar of Xom.
  4903 | D:4      | Found a white marble altar of Elyvilon.
  4987 | D:4      | Found a transporter.
  5016 | D:4      | Noticed Natasha
  5025 | D:4      | Killed Natasha
  5579 | D:4      | Found a transporter.
  6157 | D:5      | Entered Level 5 of the Dungeon
  6221 | D:5      | Reached skill level 4 in Dodging
  6812 | D:5      | HP: 2/41 [ice beast (6)]
  7098 | D:5      | Reached XP level 8. HP: 47/47 MP: 13/13
  7303 | D:5      | Reached skill level 5 in Dodging
  8377 | D:2      | Noticed Robin
  8406 | D:2      | Killed Robin
  8464 | D:2      | Found Niochuof's Antique Armour Boutique.
  8778 | D:3      | Reached skill level 5 in Ranged Weapons
  8956 | D:3      | Killed nemohh's ghost
  9505 | D:6      | Reached skill level 5 in Fighting
  9505 | D:6      | Reached skill level 6 in Dodging
  9510 | D:6      | Noticed Blork the orc
  9934 | D:6      | Noticed Pikel
 10055 | D:4      | Found a bloodstained altar of Trog.
 10055 | D:4      | Found a hide-covered altar of Uskayaw.
 10080 | D:6      | Killed Blork the orc
 10401 | D:6      | Killed Pikel
 10402 | D:6      | Reached XP level 9. HP: 53/55 MP: 5/14
 10635 | D:6      | Reached skill level 5 in Stealth
 10656 | D:6      | Noticed Menkaure
 10668 | D:6      | Killed Menkaure
 10848 | D:6      | Reached skill level 7 in Dodging
 11166 | D:7      | Found a shimmering blue altar of Sif Muna.
 12576 | D:7      | Noticed Maggie
 12603 | D:7      | Killed Maggie
 12604 | D:7      | Reached skill level 8 in Dodging
 12604 | D:7      | Reached XP level 10. HP: 63/63 MP: 11/15
 12736 | D:7      | Reached skill level 1 in Armour
 13215 | D:7      | Found a staircase to the Ecumenical Temple.
 13225 | Temple   | Entered the Ecumenical Temple
 13373 | D:7      | Learned a level 3 spell: Dazzling Flash
 13551 | D:8      | Found an ancient bone altar of Kikubaaqudgha.
 13677 | D:8      | Reached skill level 1 in Conjurations
 13902 | D:8      | Identified the +1 mace "Death Rattle" {speed, Int+3 Dex+5}
 13944 | D:8      | Noticed a cyclops
 13974 | D:8      | Noticed Prince Ribbit
 13998 | D:8      | Killed Prince Ribbit
 14064 | D:8      | Noticed an unseen horror
 14099 | D:8      | Noticed a cyclops
 14101 | D:8      | Noticed a kobold demonologist
 14315 | D:8      | Found the +8 trishula "Condemnation" {holy, anguish, *Noise
                  | Fly rN+}
 14571 | D:8      | Paralysed by a hornet for 1 turns
 14810 | D:8      | Noticed Grum
 15100 | D:8      | Killed Grum
 15419 | D:8      | Noticed a shining eye
 15521 | D:9      | Reached skill level 9 in Dodging
 16479 | D:9      | Reached skill level 5 in Hexes
 16489 | D:9      | Reached XP level 11. HP: 27/69 MP: 11/16
 16780 | D:9      | Reached skill level 1 in Air Magic
 16973 | D:9      | Found a radiant altar of Vehumet.
 16986 | D:9      | Became a worshipper of Vehumet
 17053 | D:9      | Noticed Psyche
 17073 | D:9      | Killed Psyche
 17447 | D:10     | Entered Level 10 of the Dungeon
 17545 | D:10     | Reached skill level 10 in Dodging
 18281 | D:10     | Reached skill level 5 in Air Magic
 18641 | D:10     | Noticed a cyclops
 18641 | D:10     | Noticed a deep elf pyromancer
 18707 | D:10     | Killed a deep elf pyromancer
 18982 | D:10     | Killed a cyclops
 19122 | D:10     | Noticed a two-headed ogre
 19196 | D:10     | Killed a two-headed ogre
 19196 | D:10     | Reached * piety under Vehumet
 19196 | D:10     | Offered knowledge of Magic Dart by Vehumet.
 19207 | D:10     | Learned a level 4 spell: Airstrike
 19211 | D:10     | Learned a level 3 spell: Swiftness
 19981 | D:11     | Noticed a cyclops
 20003 | D:11     | Noticed a sixfirhy
 20196 | D:11     | Reached skill level 10 in Fighting
 20955 | D:11     | Reached skill level 11 in Dodging
 20955 | D:11     | Reached skill level 1 in Evocations
 21477 | D:11     | Found Tahe's Demolitions Depot.
 21773 | D:11     | Found a staircase to the Orcish Mines.
 21818 | D:11     | Killed a cyclops
 21819 | D:11     | Reached XP level 12. HP: 66/77 MP: 18/18
 21865 | D:11     | Found a staircase to the Lair.
 22293 | D:11     | Bought a book of Fire for 660 gold pieces
 22322 | Lair:1   | Entered Level 1 of the Lair of Beasts
 23180 | Lair:1   | Found a hazy altar of Hepliaklqana.
 24078 | Lair:1   | Identified the +5 flail of Oenomania {heavy, MP+9}
 24089 | Lair:1   | Found a blossoming altar of Fedhas.
 24508 | Lair:2   | Found a hide-covered altar of Uskayaw.
 24917 | Lair:2   | Reached skill level 5 in Conjurations
 24917 | Lair:2   | Noticed a four-headed hydra
 25183 | Lair:2   | Killed a four-headed hydra
 25492 | Lair:2   | Offered knowledge of Static Discharge by Vehumet.
 25502 | Lair:2   | Found a hole to the Spider Nest.
 25577 | Lair:2   | Noticed Fannar
 26446 | Lair:2   | Reached ** piety under Vehumet
 27127 | Lair:2   | Reached skill level 5 in Spellcasting
 27217 | Lair:2   | Learned a level 5 spell: Arcjolt
 27569 | Lair:3   | HP: 3/79 [poisoned by a black mamba]
 28157 | Lair:1   | Reached XP level 13. HP: 84/84 MP: 12/21
 28698 | Lair:3   | Found a transporter.
 28702 | Lair:3   | Noticed Jackthecabe's ghost (journeyman DsHs)
 28741 | Lair:3   | Found a transporter.
 28778 | Lair:3   | Reached skill level 12 in Dodging
 29483 | Lair:3   | Found a staircase to the Shoals.
 29825 | Lair:4   | Reached skill level 5 in Evocations
 31018 | Lair:4   | Noticed Urug
 31026 | Lair:4   | Killed Urug
 31252 | Lair:4   | Noticed Kirke
 31307 | Lair:4   | Noticed a sphinx
 31308 | Lair:4   | Killed Kirke
 31308 | Lair:4   | Offered knowledge of Searing Ray by Vehumet.
 32123 | Lair:3   | Slain by a death yak

Illustrated notes

Levels and vault maps discovered:
D:1:      dpeg_arrival_short_road, layout_basic, minmay_door_square
D:2:      layout_rooms, serial_shops, shop_coins, uniq_robin
D:3:      layout_basic, ebering_ghost_rock_garden, minmay_rat_hole
D:4:      layout_basic, nicolae_overflow_hidden_temple, elyvilon_altar_4,
          gammafunk_ghost_arena, uniq_natasha, uniq_crazy_yiuf_cottage
D:5:      layout_basic
D:6:      layout_gridville, uniq_menkaure, uniq_blork_the_orc, uniq_pikel
D:7:      layout_rooms, mainiacjoe_overflow_tiny_flanked,
          minmay_temple_entry_poolview, chequers_serial_rivers_room_b,
          uniq_maggie
D:8:      layout_loops_ring, nicolae_kikubaaqudgha_miasma_corner,
          onia_ninara_dug_in_and_dangerous, uniq_grum, uniq_prince_ribbit1
D:9:      layout_basic, vehumet_altar_wand_db, minmay_misc_feat_alley,
          uniq_psyche
D:10:     kennysheep_big_flooded_room, layout_basic
D:11:     layout_long_grid, lair_entry_dummy, erik_orc_4, serial_park_tiny_2,
          nicolae_blasting_shop
Temple:   nicolae_temple_two_arcs
Lair:1:   layout_long_grid, basic_altar, hangedman_tree_tricks, minmay_holes,
          serial_bayou_shore_b, grunt_megastairs_4, serial_bayou_shore_b
Lair:2:   layout_gridlike, spider_nest_entry_funnel_web, basic_altar,
          chequers_serial_rivers_room_a, uniq_fannar
Lair:3:   layout_cave_pods, minmay_shoals_entry_beasts,
          gammafunk_ghost_berserking_beasts
Lair:4:   layout_small_grid, uniq_kirke, uniq_urug

Skill      XL: |  1  2  3  4  5  6  7  8  9 10 11 12 13 |
---------------+----------------------------------------+-----
Hexes          | 3 5 |  5.0
Stealth        | 4 6 |  6.0
Spellcasting   | 3 5 6 |  6.1
Ranged Weapons | 2 4 6 |  6.1
Fighting       | 2 3 6 7 8 10 11 | 11.4
Dodging        | 3 4 6 8 9 11 12 | 12.4
Armour         | 3 |  3.0
Conjurations   | 3 6 7 |  7.7
Short Blades   | 4 |  4.0
Air Magic      | 7 8 9 |  9.8
Evocations     | 1 4 5 |  5.6
Polearms       | |  0.5

Action                     |  1- 3 |  4- 6 |  7- 9 | 10-12 | 13-15 || total
---------------------------+-------+-------+-------+-------+-------++-------
  Melee: Dagger            |    61 |   105 |   129 |       |       ||   295
         Peck              |     7 |    16 |   123 |   286 |    16 ||   448
         Kick              |    13 |    34 |   172 |   452 |    36 ||   707
         Punch             |     2 |     1 |     7 |    19 |     2 ||    31
         Sling             |       |     1 |       |       |       ||     1
         Short sword       |       |       |   314 |   789 |       ||  1103
         Halberd           |       |       |       |    16 |       ||    16
         Long sword        |       |       |       |   244 |    70 ||   314
   Fire: Sling             |    78 |    25 |    22 |       |       ||   125
         Shortbow          |       |       |    25 |    94 |    11 ||   130
   Cast: Confusing Touch   |     2 |     8 |    37 |    68 |     8 ||   123
         Tukima's Dance    |       |    10 |    36 |    31 |       ||    77
         Dazzling Flash    |       |       |       |    24 |     3 ||    27
         Airstrike         |       |       |       |    87 |   102 ||   189
         Swiftness         |       |       |       |     2 |       ||     2
         Arcjolt           |       |       |       |     1 |       ||     1
  Evoke: Wand              |       |       |       |     5 |     7 ||    12
    Use: Potion            |     1 |     1 |       |     3 |       ||     5
         Scroll            |       |       |     6 |    17 |     2 ||    25
   Stab: Confused          |     1 |     7 |    30 |    55 |     5 ||    98
         Invisible         |     1 |       |       |    20 |       ||    21
         Sleeping          |       |       |    10 |     1 |     1 ||    12
         Distracted        |       |       |     1 |       |       ||     1
 Armour: Robe              |    21 |     9 |    11 |       |       ||    41
         Leather armour    |       |       |     7 |       |       ||     7
         Steam dragon scal |       |       |       |    31 |       ||    31
         Swamp dragon scal |       |       |       |     2 |       ||     2
         Troll leather arm |       |       |       |    84 |    17 ||   101
  Dodge: Dodged            |    72 |    80 |   251 |   833 |    92 ||  1328
